 Dungeon Crawl Stone Soup version 0.29.1-12-g30fa7ad0bf (webtiles) character file.

Game seed: 16241829487565613779

144 wormed the Caller (level 5, -4/37 HPs)
             Began as a Gnoll Summoner on Dec 26, 2022.
             Constricted to death by Natasha (5 damage)
             ... on level 2 of the Dungeon.
             The game lasted 00:04:06 (2016 turns).

wormed the Caller (Gnoll Summoner)                  Turns: 2016, Time: 00:04:08

Health: -4/37      AC:  5    Str:  7    XL:     5   Next: 27%
Magic:  11/12      EV: 10    Int: 17    God:
Gold:   91         SH:  0    Dex: 12    Spells: 7/14 levels left

rFire   . . .      SeeInvis .   k - staff of air
rCold   . . .      Faith    .   (no shield)
rNeg    . . .      Spirit   .   a - +0 robe
rPois   +          Reflect  .   (no helmet)
rElec   +          Harm     .   (no cloak)
rCorr   .          Rampage  .   j - +2 pair of gloves
Will    .....                   (no boots)
Stlth   +++.......              (no amulet)
HPRegen 0.12/turn               e - ring of poison resistance
MPRegen 0.13/turn               (no ring)

@: grasped by roots, constricted
A: fangs 1, strong nose, distributed training
a: no special abilities


You were on level 2 of the Dungeon.
You visited 1 branch of the dungeon, and saw 2 of its levels.

You collected 91 gold pieces.

Inventory:

Armour
 a - a +0 robe (worn)
 j - a +2 pair of gloves (worn)
Magical Staves
 k - a staff of air (weapon)
Jewellery
 e - a ring of poison resistance (left hand)
 l - a +6 ring of strength
Scrolls
 c - a scroll of silence {unknown}
 d - 3 scrolls of identify {unknown}
 g - a scroll of poison {unknown}
 h - 2 scrolls of teleportation {unknown}
 i - a scroll of blinking {unknown}
 m - a scroll of fog {unknown}
 n - a scroll of noise {unknown}
Potions
 b - a potion of magic
 f - 2 potions of brilliance {unknown}


   Skills:
 + Level 1.5 Fighting
 + Level 1.5 Short Blades
 + Level 1.5 Long Blades
 + Level 1.5 Axes
 + Level 1.5 Maces & Flails
 + Level 1.5 Polearms
 + Level 1.5 Staves
 + Level 1.5 Ranged Weapons
 + Level 1.5 Throwing
 + Level 1.5 Armour
 + Level 4.8 Dodging
 + Level 4.4 Stealth
 + Level 1.5 Shields
 + Level 1.5 Unarmed Combat
 + Level 5.2 Spellcasting
 + Level 1.2 Conjurations
 + Level 1.2 Hexes
 + Level 7.2 Summonings
 + Level 1.2 Necromancy
 + Level 1.2 Translocations
 + Level 1.2 Transmutations
 + Level 1.2 Fire Magic
 + Level 1.2 Ice Magic
 + Level 1.2 Air Magic
 + Level 1.2 Earth Magic
 + Level 1.2 Poison Magic
 + Level 1.7 Invocations
 + Level 1.5 Evocations


You had 7 spell levels left.
You knew the following spells:

 Your Spells              Type           Power      Damage    Failure   Level
a - Summon Small Mammal   Summ           100%       N/A       1%          1
b - Call Canine Familiar  Summ           29%        N/A       2%          3
c - Summon Guardian Gole  Hex/Summ       18%        N/A       8%          3

Your spell library contained the following spells:

 Spells                   Type           Power      Damage    Failure   Level
 Call Imp                 Summ           29%        N/A       1%          2
 Summon Lightning Spire   Summ/Air       28%        N/A       24%         4


Dungeon Overview and Level Annotations

Branches:
Dungeon (2/15)

Altars:

Annotations:
D:2 Natasha


Innate Abilities, Weirdness & Mutations

You have very sharp teeth.
Your uncanny sense of smell can sniff out nearby items.
Your experience applies equally to all skills.


Message History

Natasha is lightly wounded.
Natasha casts a spell at you. The magic dart hits you.
The grasping roots constrict your hound.
The grasping roots constrict you.
You hit Natasha but do no damage. Your bite misses Natasha.
Natasha is lightly wounded.
Natasha stares at you and mumbles some strange words.
The magic dart hits you.
The grasping roots constrict your hound.
The grasping roots constrict you!
The grasping roots release their grip on you.
Natasha attacks as you move away! Natasha barely misses you.
Your hound struggles to escape constriction.
Natasha extends her claws.
The grasping roots constrict your hound.
Your hound bites Natasha.
Natasha zaps a wand.
The roots erupt in riotous growth!
The grasping roots grab you!
The grasping roots constrict your hound.
Your hound dies!
Your hound's corpse disappears in a puff of smoke!
The grasping roots constrict you.
Casting: Summon Small Mammal (safe; 1% risk of failure)
Confirm with . or Enter, or press ? or * to list all spells.
The grasping roots constrict you.
* * * LOW HITPOINT WARNING * * *
Natasha zaps a wand.
The roots erupt in riotous growth!
Natasha is unaffected.
Roots grab your quokka.
The grasping roots constrict your quokka.
The grasping roots constrict you.
* * * LOW HITPOINT WARNING * * *
You hear a bark!
You hit Natasha.
Natasha is heavily wounded.
The roots release their grip on your quokka.
Your quokka closely misses Natasha.
Natasha claws you.
* * * LOW HITPOINT WARNING * * *
The grasping roots constrict you.
You die...

.###..#.#..#.#..########.#.#.....
.# #..#.#..#.#..# #.....#..... .#
#..# #..###..# #.#h..#..... ....
.... ..## #.#...#.....
##..###..######'#...#.....
#..#.#..#.............###
#..#.#..#...............#
........r............)...
...#.h@................
#.#######..#####.... #......#
...## #.... ###....##.### #....
###..#.. .... .!.> ### #####


You could see Natasha (ally target) and a friendly quokka (summoned).

Vanquished Creatures
  An endoplasm (D:1)
1 creature vanquished.

Vanquished Creatures (collateral kills)
  Jessica (D:2)
  An adder (D:2)
  6 gnolls (D:2)
  2 worms (D:2)
  3 ball pythons (D:1)
  7 endoplasms
  A giant cockroach (D:2)
  3 goblins
  5 hobgoblins
  6 jackals (D:1)
  6 bats
  2 kobolds
  A rat (D:1)
44 creatures vanquished.

Grand Total: 45 creatures vanquished

Notes
Turn   | Place    | Note
-------+----------+-------------------------------------------
     0 | D:1      | wormed the Gnoll Summoner began the quest for the Orb.
     0 | D:1      | Reached XP level 1. HP: 13/13 MP: 6/6
    96 | D:1      | Reached XP level 2. HP: 12/19 MP: 4/7
   594 | D:1      | Reached skill level 5 in Spellcasting
   594 | D:1      | Reached XP level 3. HP: 25/25 MP: 6/9
  1009 | D:1      | Found a faded altar of an unknown god.
  1287 | D:1      | Learned a level 3 spell: Call Canine Familiar
  1291 | D:1      | Learned a level 3 spell: Summon Guardian Golem
  1302 | D:1      | Reached skill level 1 in Invocations
  1365 | D:2      | Reached skill level 1 in Fighting
  1365 | D:2      | Reached skill level 1 in Short Blades
  1365 | D:2      | Reached skill level 1 in Long Blades
  1365 | D:2      | Reached skill level 1 in Axes
  1365 | D:2      | Reached skill level 1 in Maces & Flails
  1365 | D:2      | Reached skill level 1 in Polearms
  1365 | D:2      | Reached skill level 1 in Staves
  1365 | D:2      | Reached skill level 1 in Ranged Weapons
  1365 | D:2      | Reached skill level 1 in Throwing
  1365 | D:2      | Reached skill level 1 in Armour
  1365 | D:2      | Reached skill level 1 in Shields
  1365 | D:2      | Reached skill level 1 in Unarmed Combat
  1365 | D:2      | Reached skill level 1 in Evocations
  1386 | D:2      | Reached XP level 4. HP: 32/32 MP: 11/11
  1541 | D:2      | Reached skill level 1 in Conjurations
  1541 | D:2      | Reached skill level 1 in Hexes
  1541 | D:2      | Reached skill level 1 in Necromancy
  1541 | D:2      | Reached skill level 1 in Translocations
  1541 | D:2      | Reached skill level 1 in Transmutations
  1541 | D:2      | Reached skill level 1 in Fire Magic
  1541 | D:2      | Reached skill level 1 in Ice Magic
  1541 | D:2      | Reached skill level 1 in Air Magic
  1541 | D:2      | Reached skill level 1 in Earth Magic
  1541 | D:2      | Reached skill level 1 in Poison Magic
  1695 | D:2      | Reached XP level 5. HP: 12/37 MP: 3/12
  1947 | D:2      | Noticed Jessica
  1952 | D:2      | Killed Jessica
  2008 | D:2      | Noticed Natasha
  2016 | D:2      | HP: 1/37 [Natasha (4)]
  2016 | D:2      | Constricted to death by Natasha

Illustrated notes

Levels and vault maps discovered:
D:1:      mrwooster_arrival_arrow, layout_basic,
          ebering_ecumenical_altar_sacrificial
D:2:      layout_basic, nrook_mini_backslash, minmay_misc_feat_nine_boxes,
          uniq_robin, uniq_jessica, uniq_natasha

Skill      XL: |  1  2  3  4 |
---------------+-------------+-----
Spellcasting   | 5 |  5.2
Invocations    | 1 |  1.7
Fighting       | 1 |  1.5
Short Blades   | 1 |  1.5
Long Blades    | 1 |  1.5
Axes           | 1 |  1.5
Maces & Flails | 1 |  1.5
Polearms       | 1 |  1.5
Staves         | 1 |  1.5
Ranged Weapons | 1 |  1.5
Throwing       | 1 |  1.5
Armour         | 1 |  1.5
Shields        | 1 |  1.5
Unarmed Combat | 1 |  1.5
Evocations     | 1 |  1.5
Conjurations   | 1 |  1.2
Hexes          | 1 |  1.2
Necromancy     | 1 |  1.2
Translocations | 1 |  1.2
Transmutations | 1 |  1.2
Fire Magic     | 1 |  1.2
Ice Magic      | 1 |  1.2
Air Magic      | 1 |  1.2
Earth Magic    | 1 |  1.2
Poison Magic   | 1 |  1.2
Dodging        | |  4.8
Stealth        | |  4.4
Summonings     | |  7.2

Action                   |  1- 3 |  4- 6 || total
-------------------------+-------+-------++-------
Melee: Unarmed           |    10 |       ||    10
       Staff             |     4 |    16 ||    20
       Bite              |       |     2 ||     2
 Cast: Summon Small Mamm |    32 |     9 ||    41
       Call Canine Famil |     2 |     8 ||    10
 Stab: Distracted        |     1 |       ||     1
       Sleeping          |       |     1 ||     1
Armor: Robe              |    12 |     2 ||    14
Dodge: Dodged            |    38 |    15 ||    53
